 Dungeon Crawl Stone Soup version 0.24.0-123-gd5b16e6ec5 (webtiles) character file.

Game seed: 8190120762719797973, levelgen mode: deterministic

5437 Andrea the Destroyer (level 10, -2/68 HPs)
             Began as an Octopode Wizard on Jan 7, 2020.
             Was a Follower of Vehumet.
             Slain by a merfolk
             ... wielding a +0 spear
              (20 damage)
             ... on level 9 of the Dungeon.
             The game lasted 00:33:37 (13014 turns).

Andrea the Destroyer (Octopode Wizard)             Turns: 13014, Time: 00:33:38

Health: -2/68      AC:  1    Str:  8    XL:     10   Next: 68%
Magic:  6/22       EV: 13    Int: 22    God:    Vehumet [*.....]
Gold:   480        SH:  0    Dex: 15    Spells: 14/25 levels left

rFire    . . .     SeeInvis .   r - +3 dagger (venom)
rCold    . . .     Gourm    +   (no shield)
rNeg     . . .     Faith    .   a - +0 hat
rPois    .         Spirit   .   w - amulet of the gourmand
rElec    .         Reflect  .   h - +4 ring of dexterity
rCorr    .         Harm     .   x - ring of wizardry
MR       .....                  p - ring of wizardry
Stlth    +++.......             (no ring)
HPRegen  0.21/turn              (no ring)
MPRegen  0.18/turn              (no ring)
                                (no ring)
                                (no ring)

@: no status effects
A: almost no armour, stealthy swim, amphibious, 8 rings, constrict 8, camouflage
1, gelatinous body 1
a: Renounce Religion


You were on level 9 of the Dungeon.
You worshipped Vehumet.
Vehumet was aware of your devotion.
You were completely stuffed.

You visited 2 branches of the dungeon, and saw 10 of its levels.

You collected 480 gold pieces.

Inventory:

Hand Weapons
 r - a +3 dagger of venom (weapon)
Missiles
 l - 7 boomerangs
 t - 73 poisoned darts (quivered)
Armour
 a - a +0 hat (worn)
 B - a +0 buckler
Jewellery
 h - a +4 ring of dexterity (left tentacle)
 p - a ring of wizardry (on tentacle)
 w - an amulet of the gourmand (around mantle)
 x - a ring of wizardry (right tentacle)
 H - an uncursed ring of resist corrosion {unknown}
Wands
 g - a wand of digging (9)
 C - a wand of disintegration (12)
Scrolls
 b - 3 scrolls of enchant weapon
 e - 2 scrolls of identify
 i - 2 scrolls of remove curse
 m - 3 scrolls of teleportation
 n - a scroll of fear {unknown}
 q - 2 scrolls of fog
 s - 3 scrolls of blinking {unknown}
 y - a scroll of silence {unknown}
 z - a scroll of acquirement {unknown}
 D - a scroll of magic mapping {unknown}
 F - a scroll of random uselessness {unknown}
 G - a scroll of brand weapon {unknown}
Potions
 d - 4 potions of curing
 f - 2 potions of invisibility
 j - 2 potions of cancellation
 k - a potion of haste
 o - a potion of agility
 u - a potion of might
 v - a potion of berserk rage
 A - a potion of magic {unknown}
Comestibles
 c - 13 rations
 E - 6 chunks of flesh


   Skills:
 * Level 6.2 Fighting
 - Level 2.0 Dodging
 - Level 2.6 Stealth
 * Level 3.6 Shields
 + Level 8.1 Spellcasting
 + Level 10.6 Conjurations
 - Level 1.0 Summonings
 - Level 1.0 Translocations
 - Level 2.3 Poison Magic


You had 14 spell levels left.
You knew the following spells:

 Your Spells              Type           Power        Failure   Level  Hunger
a - Magic Dart            Conj           ####         1%          1    None
b - Call Imp              Summ           ##......     2%          2    None
c - Conjure Flame         Conj/Fire      ####....     1%          3    None
d - Mephitic Cloud        Conj/Pois/Air  ####....     1%          3    None
e - Blink                 Tloc           N/A          2%          2    None

Your spell library contained the following spells:

 Spells                   Type           Power        Failure   Level  Hunger
 Flame Tongue             Conj/Fire      ####.        1%          1    None
 Beastly Appendage        Tmut           #.....       2%          1    None
 Slow                     Hex            #.......     3%          2    None
 Sticks to Snakes         Tmut           #.......     3%          2    None
 Spider Form              Tmut/Pois      ##........   4%          3    None
 Ice Form                 Ice/Tmut       #.......     19%         4    ###....
 Blade Hands              Tmut           #.........   45%         5    #####..


Dungeon Overview and Level Annotations

Branches:
Dungeon (9/15)             Temple (1/1) D:6            Lair (0/6) D:9
    Orc: D:9-12

Altars:
Ashenzari
Cheibriados
Dithmenos
Elyvilon
Fedhas
Gozag
Hepliaklqana
Kikubaaqudgha
Makhleb
Nemelex Xobeh
Okawaru
Qazlal
Ru
Sif Muna
Trog
Uskayaw
Vehumet
Wu Jian
Xom
Yredelemnul
Zin
The Shining One

Shops:
D:6 (   D:9 }


Innate Abilities, Weirdness & Mutations

You cannot wear most types of armour.
You are very stealthy in the water. (Stealth+)
You are amphibious.
You can wear up to eight rings at the same time.
You can use your tentacles to constrict eight enemies at once.
Your skin changes colour to match your surroundings (Stealth+).
Your rubbery body absorbs attacks. (AC +1, EV +1)


Message History

The stinking cloud engulfs the merfolk but does no damage.
The merfolk is heavily wounded.
You constrict the merfolk.
The merfolk is engulfed in noxious fumes.
The merfolk hits you with a +0 spear!!
* * * LOW HITPOINT WARNING * * *
Casting: Mephitic Cloud (safe; 1% risk of failure)
Confirm with . or Enter, or press ? or * to list all spells.
Aiming: Mephitic Cloud (safe; 1% risk of failure)
Press: ? - help, Shift-Dir - straight line, f - merfolk
Aim: a merfolk, wielding a +0 spear (noxious fumes, heavily wounded, constricted by you, poisoned) That beam is likely to hit you.
Continue anyway?
The ball explodes into a vile cloud!
The stinking cloud engulfs the merfolk but does no damage.
The merfolk is heavily wounded.
The stinking cloud engulfs you but does no damage.
You constrict the merfolk.
The merfolk is engulfed in noxious fumes.
The merfolk hits you with a +0 spear!!
You die...

#.............#.
##............#..
#...........###..
#...........##...
##.........#.##...
#..........#..#...
######......#.......
#§○#†#.......)###...
#○°@.'.......## ###.
#☼m§≈#......## ##
######.......###
#...........##
##............###
##...............##
#................>#
#..................
#........#.........


You could see a merfolk.

Vanquished Creatures
  Maurice (D:9)
  A troll (D:9)
  2 hippogriffs
  Grum (D:8)
  A hungry ghost (D:5)
  Edmund (D:5)
  A water moccasin (D:8)
  An ice beast (D:8)
  4 sky beasts
  3 phantoms
  An eye of draining (D:7)
  6 ogres
  4 wolves (D:8)
  6 centaurs
  2 bullfrogs
  5 scorpions
  4 wights (D:6)
  3 killer bees (D:7)
  A howler monkey (D:8)
  A crimson imp (D:5)
  2 jellies
  A bullfrog zombie (D:6)
  6 hounds
  2 orc priests (D:5)
  2 bullfrog skeletons
  2 centaur skeletons
  7 orc wizards
  An iguana (D:6)
  8 worker ants
  A hound skeleton (D:7)
  A worker ant zombie (D:7)
  14 adders
  11 gnolls
  3 shadow imps
  2 oozes (D:3)
  An adder zombie (D:5)
  3 adder skeletons
  4 worms
  4 dart slugs
  4 leopard geckos
  26 orcs
  A giant cockroach (D:4)
  8 hobgoblins
  9 jackals
  12 kobolds
  7 quokkas
  A ball python (D:3)
  5 bats
  4 frilled lizards
  2 goblins
  A leopard gecko skeleton (D:8)
  A quokka skeleton (D:4)
  7 rats
212 creatures vanquished.

Vanquished Creatures (collateral kills)
  A hound (D:7)
1 creature vanquished.

Vanquished Creatures (others)
  A howler monkey (D:8)
1 creature vanquished.

Grand Total: 214 creatures vanquished

Notes
Turn   | Place    | Note
-------+----------+-------------------------------------------
     0 | D:1      | Andrea the Octopode Wizard began the quest for the Orb.
     0 | D:1      | Reached XP level 1. HP: 11/11 MP: 4/4
   768 | D:1      | Reached XP level 2. HP: 17/17 MP: 0/6
   772 | D:1      | Learned a level 2 spell: Call Imp
  1088 | D:1      | Reached skill level 2 in Conjurations
  1396 | D:2      | Reached XP level 3. HP: 21/21 MP: 1/7
  1705 | D:2      | Learned a level 3 spell: Conjure Flame
  1797 | D:2      | Reached skill level 3 in Conjurations
  1961 | D:2      | Reached XP level 4. HP: 27/27 MP: 4/9
  2137 | D:2      | Found a snail-covered altar of Cheibriados.
  2393 | D:2      | Learned a level 3 spell: Mephitic Cloud
  2611 | D:3      | Found an iron altar of Okawaru.
  3071 | D:3      | Reached XP level 5. HP: 31/31 MP: 0/10
  3183 | D:3      | Reached skill level 4 in Conjurations
  3739 | D:3      | Reached skill level 1 in Poison Magic
  4012 | D:3      | Found a faded altar of an unknown god.
  4116 | D:3      | Reached XP level 6. HP: 36/36 MP: 10/12
  4143 | D:3      | Found a shattered altar of Ashenzari.
  4532 | D:5      | Entered Level 5 of the Dungeon
  4721 | D:4      | Reached skill level 5 in Conjurations
  4822 | D:4      | Noticed a phantom
  4868 | D:4      | HP: 1/36 [phantom (9)]
  4869 | D:4      | Killed a phantom
  5219 | D:3      | Reached XP level 7. HP: 41/41 MP: 5/13
  6168 | D:5      | Noticed Edmund
  6191 | D:5      | Reached skill level 6 in Conjurations
  6223 | D:5      | Killed Edmund
  6223 | D:5      | Reached skill level 5 in Spellcasting
  6476 | D:5      | Reached XP level 8. HP: 30/46 MP: 1/16
  6650 | D:5      | Learned a level 2 spell: Blink
  6659 | D:5      | Reached skill level 7 in Conjurations
  7122 | D:5      | Reached skill level 8 in Conjurations
  8281 | D:6      | Reached XP level 9. HP: 51/51 MP: 8/18
  8288 | D:6      | Reached skill level 9 in Conjurations
  8366 | D:6      | Found Avugaala's Antique Weapon Emporium.
  8947 | D:6      | Found a glowing golden altar of the Shining One.
  8980 | D:6      | Found a staircase to the Ecumenical Temple.
  9018 | Temple   | Entered the Ecumenical Temple
  9024 | Temple   | Became a worshipper of Vehumet
  9204 | D:6      | Reached skill level 1 in Fighting
  9899 | D:7      | Reached skill level 10 in Conjurations
 10854 | D:7      | Found a basalt altar of Yredelemnul.
 10882 | D:7      | Found a stormy altar of Qazlal.
 10978 | D:7      | Found a hazy altar of Hepliaklqana.
 11089 | D:8      | Reached XP level 10. HP: 65/65 MP: 18/21
 11270 | D:8      | Noticed Grum
 11304 | D:8      | Killed Grum
 11304 | D:8      | Reached skill level 5 in Fighting
 11304 | D:8      | Reached skill level 1 in Shields
 11571 | D:8      | Reached * piety under Vehumet
 11571 | D:8      | Offered knowledge of Flame Tongue by Vehumet.
 12448 | D:9      | Noticed Maurice
 12462 | D:9      | Killed Maurice
 12575 | D:9      | Found a staircase to the Lair.
 12812 | D:9      | Found Ylais's Gadget Boutique.
 13014 | D:9      | Slain by a merfolk

Levels and vault maps discovered:
D:1:      dpeg_arrival_tiny_e, layout_basic
D:2:      wad_river_or_something, layout_basic, kennysheep_slug_shrine,
          kennysheep_generic_room_10
D:3:      minmay_razor_zed, layout_rooms, overflow_temple_1_default,
          lemuel_coloured_pillars_altar, chequers_ecumenical_altar_simple
D:4:      layout_basic
D:5:      minmay_diamond_boxcup, layout_loops_ring, first_ration, st_stairs_9,
          minmay_pentangle, uniq_edmund
D:6:      layout_basic, lemuel_round_altar, minmay_temple_entry_purple_smoke,
          serial_shops, shop_statue
D:7:      layout_cave_pools, yredelemnul_altar_generic, kennysheep_mini,
          basic_altar
D:8:      layout_rooms, uniq_grum
D:9:      layout_cave_pods, lair_entry_dummy, serial_shops,
          nicolae_shop_statue_plus, hangedman_fish_farm, uniq_maurice
Temple:   eino_temple_rhombus

Skill      XL: |  1  2  3  4  5  6  7  8  9 10 |
---------------+-------------------------------+-----
Conjurations   | 2 3 4 5 6 8 10 | 10.6
Spellcasting   | 4 5 6 7 8 |  8.1
Poison Magic   | 1 2 |  2.3
Fighting       | 4 6 |  6.2
Shields        | 3 |  3.6
Dodging        | |  2.0
Stealth        | |  2.6
Summonings     | |  1.0
Translocations | |  1.0

Action                   |  1- 3 |  4- 6 |  7- 9 | 10-12 || total
-------------------------+-------+-------+-------+-------++-------
Melee: Unarmed           |    10 |     4 |       |       ||    14
       Constrict         |     4 |    11 |    34 |    15 ||    64
       Tentacles         |     2 |     4 |    29 |    18 ||    53
       Dagger            |       |    34 |   146 |    71 ||   251
Throw: Boomerang         |       |       |     7 |       ||     7
       Dart              |       |       |    10 |    21 ||    31
 Cast: Magic Dart        |    73 |   171 |   266 |    95 ||   605
       Conjure Flame     |       |     6 |    14 |     9 ||    29
       Mephitic Cloud    |       |     6 |    29 |    23 ||    58
       Call Imp          |       |       |     3 |     3 ||     6
       Blink             |       |       |     1 |     1 ||     2
  Use: Scroll            |       |     7 |     8 |       ||    15
 Stab: Sleeping          |     1 |       |     1 |     1 ||     3
       Confused          |       |       |     2 |     5 ||     7
  Eat: Chunk             |     3 |     7 |    17 |    16 ||    43
       Ration            |       |     1 |     1 |       ||     2
Armor: Skin              |       |     1 |     9 |     2 ||    12
Dodge: Dodged            |     8 |    35 |   103 |    37 ||   183
